 Dungeon Crawl Stone Soup version 0.29-a0-284-gf9362112df (webtiles) character file.

Game seed: 10813883036023469139

0 mistaj the Skirmisher (level 1, 0/14 HPs)
             Began as a Gargoyle Fighter on Mar 19, 2022.
             Constricted to death by a ball python (1 damage)
             ... on level 1 of the Dungeon.
             The game lasted 00:00:24 (40 turns).

mistaj the Skirmisher (Gargoyle Fighter)              Turns: 40, Time: 00:00:24

Health: 0/14       AC:  9    Str: 19    XL:     1   Next: 10%
Magic:  1/1        EV:  6    Int:  8    God:
Gold:   0          SH:  4    Dex:  9    Spells: 0/0 levels left

rFire   . . .      SeeInvis .   a - +0 flail
rCold   . . .      Faith    .   c - +0 buckler
rNeg    + . .      Spirit   .   b - +0 scale mail
rPois   ∞          Reflect  .   (no helmet)
rElec   +          Harm     .   (no cloak)
rCorr   .          Rampage  .   (no gloves)
Will    .....                   (no boots)
Stlth   ..........              (no amulet)
HPRegen 0.04/turn               (no ring)
MPRegen 0.07/turn               (no ring)

@: constricted
A: sickness immunity, AC +2, negative energy resistance 1, electricity
resistance, torment resistance 1, petrification resistance
a: no special abilities


You were on level 1 of the Dungeon.
You visited 1 branch of the dungeon, and saw 1 of its levels.

Inventory:

Hand Weapons
 a - a +0 flail (weapon)
Armour
 b - a +0 scale mail (worn)
 c - a +0 buckler (worn)
Potions
 d - a potion of might
 e - a potion of invisibility {unknown}


   Skills:
 + Level 3.3 Fighting
 - Level 2.0 Maces & Flails
 - Level 3.2 Armour
 + Level 3.3 Shields


You couldn't memorise any spells.
You didn't know any spells.
Your spell library was empty.

Dungeon Overview and Level Annotations

Branches:
Dungeon (1/15)

Altars:


Innate Abilities, Weirdness & Mutations

You are immune to sickness and miasma.
Your stone body is resilient. (AC +2)
You are immune to poison.
You resist negative energy. (rN+)
You are resistant to electric shocks. (rElec)
You are resistant to unholy torment.
You are immune to petrification.


Message History

The ball python bites you but does no damage.
The ball python constricts you.
The giant cockroach bites you but does no damage.
You closely miss the frilled lizard. You block the ball python's attack.
The ball python constricts you. You block the frilled lizard's attack.
The giant cockroach bites you.
* * * LOW HITPOINT WARNING * * *
The ball python barely misses you. The ball python constricts you.
You block the frilled lizard's attack.
Unknown command.
You barely miss the frilled lizard. You block the giant cockroach's attack.
The ball python barely misses you. The ball python constricts you.
The giant cockroach bites you.
* * * LOW HITPOINT WARNING * * *
The frilled lizard bites you but does no damage.
The ball python's grasp on you weakens, but your attempt to escape fails.
The ball python bites you but does no damage.
The ball python constricts you. The giant cockroach barely misses you.
The frilled lizard bites you but does no damage.
The ball python closely misses you. The ball python constricts you.
Unknown command.
You sock the frilled lizard!
You kill the frilled lizard!
The giant cockroach bites you but does no damage.
You block the ball python's attack. The ball python constricts you.
The giant cockroach bites you but does no damage.
You miss the goblin. The ball python completely misses you.
The ball python constricts you. You block the goblin's attack.
You block the giant cockroach's attack.
The ball python bites you but does no damage.
The ball python constricts you. The goblin barely misses you.
The giant cockroach barely misses you.
You closely miss the goblin. The ball python closely misses you.
The ball python constricts you.
* * * LOW HITPOINT WARNING * * *
The giant cockroach bites you but does no damage.
You block the goblin's attack.
You closely miss the goblin. You block the ball python's attack.
The ball python constricts you.
You die...

.........
..........
...........
..........######
..........#≈≈≈≈#
..........#≈##≈#
....>....S#≈≈≈≈#
#........g@≈<#≈#
#.......B#≈≈#≈#
..##......#≈##≈#
..........#≈≈≈#≈
$.........#### #
...............
...........##..
...........#
...........#


You could see a giant cockroach, a goblin and a ball python.

Vanquished Creatures
  A frilled lizard (D:1)
1 creature vanquished.

Notes
Turn   | Place    | Note
-------+----------+-------------------------------------------
     0 | D:1      | mistaj the Gargoyle Fighter began the quest for the Orb.
     0 | D:1      | Reached XP level 1. HP: 14/14 MP: 1/1
    40 | D:1      | Constricted to death by a ball python

Illustrated notes

Levels and vault maps discovered:
D:1:      ncdulo_wetmaze, layout_rooms, serial_shops,
          nicolae_shop_temple_entry_statues_fountains

Action                   || total
-------------------------++-------
Melee: Flail             ||    21
Armor: Scale mail        ||    46
Dodge: Dodged            ||    26
Block: Buckler           ||    15

Table legend: (Time is in decaauts)
 A = Elapsed time spent in this place.
 B = Non-inter-level travel time spent in this place.
 C = Inter-level travel time spent in this place.
 D = Time resting spent in this place.
 E = Time spent auto-exploring this place.
 F = Levels seen in this place.
 G = Mean time per level.
                   A        B        C        D        E       F      G
               +--------+--------+--------+--------+--------+-----+--------+
         Total |     50 |     50 |      0 |      0 |     11 |   1 |   50.0 |
       Dungeon |     50 |     50 |      0 |      0 |     11 |   1 |   50.0 |
               +--------+--------+--------+--------+--------+-----+--------+

Top non-repeatable levels by time:
     D:1: 50 daAuts
